 Dungeon Crawl Stone Soup version 0.14-a0-1626-g054e7ae (webtiles) character file.

262 4tharraofdagon the Firebug (level 5, -15/42 HPs)
             Began as a Naga Fire Elementalist on Dec 25, 2013.
             Demolished by Ijyb
             ... wielding a +2,+2 dagger of electrocution
              (19 damage)
             ... on Level 4 of the Dungeon.
             The game lasted 00:04:48 (687 turns).

4tharraofdagon the Firebug (Naga Fire Elementalist)  Turns: 687, Time: 00:04:48

HP -15/42        AC  4     Str 10      XL: 5   Next: 77%
MP   4/10        EV 10     Int 17      God:
Gold 63          SH  0     Dex 11      Spells:  3 memorised,  1 level left

rFire  . . .     SeeInvis +     (no weapon)
rCold  . . .     Clarity  .     a - +0 robe
rNeg   . . .     Conserve .     (no shield)
rPois  +         rCorr    .     g - +2 wizard hat
rElec  .         rRot     .     (no cloak)
SustAb . .       Spirit   .     (no gloves)
rMut   .         Warding  .     (no barding)
Saprov . . .     Stasis   .     (no amulet)
                                (no ring)
                                (no ring)

@: very slightly contaminated, very slow, slightly resistant to hostile
enchantments, fairly stealthy
A: spit poison, see invisible, deformed body, poison resistance, slowness 2, AC
+1
a: Spit Poison


You were on level 4 of the Dungeon.
You were hungry.

You visited 1 branch of the dungeon, and saw 4 of its levels.

You collected 63 gold pieces.

Inventory:

Missiles
 i - 3 javelins (quivered)
 l - 2 throwing nets
Armour
 a - a +0 robe (worn)
 g - a +2 wizard hat (worn)
Magical devices
 m - a wand of hasting (3) {unknown}
Comestibles
 c - 2 bread rations
 d - a meat ration
 f - a choko
 j - 2 chunks of worker ant flesh
Scrolls
 e - a scroll of enchant weapon I {unknown}
 h - a scroll of identify
Potions
 k - 2 potions of curing
Books
 b - a book of Flames

   Spells                             Type                      Level
   *Flame Tongue                      Conjuration/Fire             1
   Throw Flame                        Conjuration/Fire             2
   *Conjure Flame                     Conjuration/Fire             3
   Inner Flame                        Hexes/Fire                   3
   *Sticky Flame                      Conjuration/Fire             4
   Fireball                           Conjuration/Fire             5


   Skills:
 - Level 1.5 Dodging
 - Level 3.0 Stealth
 + Level 2.9 Spellcasting
 * Level 3.6 Conjurations
 * Level 4.4 Fire Magic


You had one spell level left.
You knew the following spells:

 Your Spells              Type           Power        Failure   Level  Hunger
a - Flame Tongue          Conj/Fire      ###..        3%          1    None
b - Conjure Flame         Conj/Fire      ###.....     12%         3    ###....
c - Sticky Flame          Conj/Fire      ###.....     38%         4    ####...


Dungeon Overview and Level Annotations

Branches:
Dungeon (4/16)
 Temple: D:4-7

Altars:
Yredelemnul

Annotations:
D:4 Ijyb


Innate Abilities, Weirdness & Mutations

You cannot wear boots.
You can spit poison.
Your serpentine skin is tough (AC +1).
You have supernaturally acute eyesight.
Armour fits poorly on your strangely shaped body.
Your system is resistant to poisons.
You cover ground very slowly.


Message History

Ijyb comes into view.
He is wielding a glowing dagger.
Casting: Flame Tongue
Confirm with . or Enter, or press ? or * to list all spells.
Aiming: Sticky Flame
Press: ? - help, Shift-Dir - straight line, f - Ijyb
Aim: Ijyb, wielding a glowing dagger and wearing an orcish ring mail You miscast Sticky Flame.
You are very lightly contaminated with residual magic.
Your hair stands on end.
You are feeling hungry.
Ijyb zaps a wand.
The bolt of fire misses you.
Ijyb zaps a wand.
The bolt of fire hits you!
Your scroll of remove curse catches fire!
Ouch! That really hurt!
* * * LOW HITPOINT WARNING * * *
You see here an iron wand.
m - an iron wand Ijyb screams, "No!
No, no, no, no!"
Ijyb hits you but does no damage.
You are electrocuted!
You die...

.....# .....####
####.......###
#.............
####....#.....###
...................
#######.#....#### #.#g####
#.#@# ##### #.#.# #####...#
#######.#.####...#...#####
...........................
#####...#.####)...........
#...#.# ###.####.####
######...#.### #.##.....##
#............# #.#.......#
#.##.....#.#.# #.#.......#


You could see Ijyb.

Vanquished Creatures
  A phantom (D:4)
  2 worker ants (D:4)
  3 adders
  A worm (D:3)
  An orc (D:4)
  3 bats (D:3)
  2 giant cockroaches
  3 hobgoblins
  A quokka (D:2)
  3 giant newts
  A kobold (D:2)
  5 rats
26 creatures vanquished.

Notes
Turn   | Place    | Note
--------------------------------------------------------------
     0 | D:1      | 4tharraofdagon, the Naga Fire Elementalist, began the quest for the Orb.
     0 | D:1      | Reached XP level 1. HP: 15/15 MP: 3/3
   176 | D:2      | Reached XP level 2. HP: 22/22 MP: 2/4
   361 | D:3      | Reached XP level 3. HP: 24/28 MP: 2/6
   368 | D:3      | Learned a level 3 spell: Conjure Flame
   517 | D:4      | Reached XP level 4. HP: 20/36 MP: 0/8
   549 | D:4      | Noticed a phantom
   550 | D:4      | Found a basalt altar of Yredelemnul.
   609 | D:4      | Killed a phantom
   609 | D:4      | Reached skill level 4 in Fire Magic
   609 | D:4      | Reached XP level 5. HP: 19/42 MP: 0/10
   637 | D:4      | Learned a level 4 spell: Sticky Flame
   681 | D:4      | Noticed Ijyb
   687 | D:4      | Demolished by Ijyb

Action                   |  1- 3 |  4- 6 || total
-------------------------+-------+-------++-------
Melee: Unarmed           |     5 |     1 ||     6
Throw: Javelin           |       |     6 ||     6
 Cast: Flame Tongue      |    31 |    10 ||    41
       Conjure Flame     |       |     1 ||     1
 Abil: Spit Poison       |    22 |     2 ||    24
  Use: Potion            |     4 |       ||     4
       Scroll            |     1 |       ||     1
